 Dungeon Crawl Stone Soup version 0.20-a0-830-g2c9a30d (webtiles) character file.

966 M4edhros the Chopper (level 7, -25/94 HPs)
             Began as a Minotaur Berserker on Mar 7, 2017.
             Was a Believer of Trog.
             Annihilated by a two-headed ogre
             ... wielding a +0 giant spiked club
              (26 damage)
             ... on level 8 of the Dungeon.
             The game lasted 00:03:48 (1015 turns).

M4edhros the Chopper (Minotaur Berserker)           Turns: 1015, Time: 00:03:48

Health: -25/94     AC:  3    Str: 28    XL:     7   Next: 93%
Magic:  6/6        EV: 14    Int:  2    God:    Trog [**....]
Gold:   211        SH:  0    Dex: 12    Spells: 6/6 levels left

rFire    . . .     SeeInvis .   a - +0 hand axe
rCold    . . .     Gourm    .   e - +0 leather armour (curse)
rNeg     . . .     Faith    .   (no shield)
rPois    .         Spirit   .   (helmet restricted)
rElec    .         Reflect  .   (no cloak)
rCorr    .         Harm     +   (no gloves)
MR       .....                  (no boots)
Stlth    ..........             r - amulet of harm
Regen    0.3/turn               (no ring)
MPRegen  0.1/turn               (no ring)

@: berserking, very quick
A: retaliatory headbutt, horns 2, dopey 1, strong 1
a: Berserk, Trog's Hand, Burn Spellbooks, Renounce Religion


You were on level 8 of the Dungeon.
You worshipped Trog.
Trog was pleased with you.
You were near starving.

You visited 1 branch of the dungeon, and saw 8 of its levels.

You collected 211 gold pieces.

Inventory:

Hand Weapons
 a - a +0 hand axe (weapon)
Missiles
 v - 4 steel tomahawks (quivered)
Armour
 b - a +0 animal skin
 e - a cursed +0 leather armour (worn)
 h - a +0 chain mail
Jewellery
 r - an amulet of harm (around neck)
Wands
 t - a wand of random effects (16/48)
Scrolls
 f - 3 scrolls of blinking {unknown}
 i - a scroll of remove curse {unknown}
 k - 2 scrolls of identify {unknown}
 l - a scroll of noise {unknown}
 n - a scroll of teleportation {unknown}
 q - 2 scrolls of enchant weapon {unknown}
 s - a scroll of enchant armour {unknown}
 u - a scroll of holy word {unknown}
 x - a scroll of fog
Potions
 d - 2 potions of mutation
 g - a potion of might {unknown}
 m - a potion of magic {unknown}
 o - a potion of cancellation
 p - a potion of flight {unknown}
Comestibles
 c - 3 bread rations
 j - 3 royal jellies
 w - 2 chunks of flesh


   Skills:
 + Level 6.0 Fighting
 * Level 7.7 Axes
 + Level 5.4 Armour
 + Level 5.0 Dodging


You had 6 spell levels left.
You didn't know any spells.

Dungeon Overview and Level Annotations

Branches:
Dungeon (8/15)
 Temple: D:4-7         Lair: D:8-11

Altars:
Ashenzari
Xom
Yredelemnul

Annotations:
D:8 mora's ghost, novice TrMo


Innate Abilities, Weirdness & Mutations

You reflexively headbutt those who attack you in melee.
You have a pair of horns on your head.
You are dopey. (Int -2)
Your muscles are strong. (Str +2)


Message History

You barely miss the adder zombie. You barely miss the kobold.
The two-headed ogre misses you.
The two-headed ogre hits you with a giant club!
* * * LOW HITPOINT WARNING * * *
The adder zombie misses you.
A big kobold comes into view. It is wielding a short sword.
You barely miss the two-headed ogre.
The two-headed ogre is heavily wounded.
You slash the kobold!
You kill the kobold!
Trog accepts your kill.
You slash the adder zombie!
A kobold comes into view.
You slash the two-headed ogre!
The two-headed ogre is severely wounded.
You slash the adder zombie!
You destroy the adder zombie!
Trog accepts your kill.
The two-headed ogre hits you with a giant spiked club!!
You die...

#$###..##.
#.........
#..#.#.#.#
...)!...#
..#.#.#?#
#lW..?...
#O#l#.#.#
##@.K.....
#<###K#.#.
#.# #K#
#.. ###


You could see a two-headed ogre, a big kobold, mora's ghost, 2 leopard geckos
and 2 kobolds.

Vanquished Creatures
  Grinder (D:6)
  An ice beast (D:6)
  A necrophage (D:6)
  An ogre (D:5)
  A centaur (D:5)
  3 bullfrogs
  The ghost of Perturabo the Slasher, a weakling DsGl (D:3)
  A centaur zombie (D:5)
  A crimson imp (D:6)
  A jelly (D:6)
  A worker ant (D:6)
  A worker ant zombie (D:5)
  A shadow imp (D:6)
  An adder zombie (D:8)
  2 worms (D:3)
  A leopard gecko (D:2)
  4 orcs (D:5)
  3 giant cockroaches
  2 goblins
  2 hobgoblins
  7 jackals
  A quokka (D:3)
  4 bats
  A frilled lizard (D:3)
  6 kobolds
  A quokka skeleton (D:6)
  A rat (D:3)
51 creatures vanquished.

Notes
Turn   | Place    | Note
-------+----------+-------------------------------------------
     0 | D:1      | M4edhros the Minotaur Berserker began the quest for the Orb.
     0 | D:1      | Reached XP level 1. HP: 19/19 MP: 0/0
   211 | D:2      | Found a shimmering altar of Xom.
   217 | D:2      | Found a shimmering altar of Xom.
   234 | D:2      | Reached XP level 2. HP: 26/27 MP: 1/1
   240 | D:3      | Found a faded altar of an unknown god.
   294 | D:3      | Reached skill level 4 in Axes
   520 | D:3      | Noticed Perturabo's ghost (weakling DsGl)
   524 | D:3      | Killed Perturabo's ghost
   524 | D:3      | Reached XP level 3. HP: 33/33 MP: 2/2
   524 | D:3      | Reached XP level 4. HP: 40/40 MP: 3/3
   575 | D:5      | Entered Level 5 of the Dungeon
   603 | D:5      | Reached ** piety under Trog
   650 | D:5      | Found a basalt altar of Yredelemnul.
   671 | D:5      | Noticed an ogre
   674 | D:5      | Noticed a centaur
   678 | D:5      | Killed an ogre
   678 | D:5      | Reached skill level 5 in Axes
   678 | D:5      | Reached XP level 5. HP: 43/47 MP: 4/4
   712 | D:5      | Killed a centaur
   712 | D:5      | Reached XP level 6. HP: 18/55 MP: 5/5
   758 | D:6      | Noticed Grinder
   765 | D:6      | Reached skill level 5 in Fighting
   765 | D:6      | Reached skill level 6 in Axes
   788 | D:6      | Killed Grinder
   788 | D:6      | Reached XP level 7. HP: 21/61 MP: 6/6
   831 | D:6      | Reached skill level 7 in Axes
   859 | D:6      | Reached skill level 5 in Armour
   981 | D:7      | Reached skill level 5 in Dodging
   990 | D:7      | Found a shattered altar of Ashenzari.
  1008 | D:8      | Noticed a two-headed ogre
  1008 | D:8      | Noticed mora's ghost (novice TrMo)
  1010 | D:8      | Gained mutation: You are dopey. (Int -2) [potion of mutation]
  1010 | D:8      | Gained mutation: Your muscles are strong. (Str +2) [potion of mutation]
  1013 | D:8      | HP: 1/94 [two-headed ogre/giant spiked club (20)]
  1015 | D:8      | Annihilated by a two-headed ogre

Vault maps used:
D:1:      lemuel_arrival_lava_pool
D:2:      xom_redecorated, gammafunk_temple_overflow_statue, bloody_trog
D:3:      chequers_ecumenical_altar_simple_redux
D:4:      kennysheep_mini_moat, grunt_qazlal_clouds, fiery_altar_vehumet,
          first_bread, uniq_sigmund, uniq_robin
D:5:      yredelemnul_altar_generic, kennysheep_opposing_triangles
D:6:      lemuel_temple_firewalk_b,
          nicolae_gozag_cash_rules_everything_around_me, uniq_grinder
D:7:      the_bakery, ashenzari_altar_1
D:8:      serial_glass, glass_columns_b, glass_columns_b, glass_columns_c,
          glass_columns_a, glass_columns_c, glass_columns_b, glass_columns_b,
          glass_columns_c

Skill      XL: |  1  2  3  4  5  6  7 |
---------------+----------------------+-----
Axes           | 4 5 6 7 |  7.7
Fighting       | 4 5 6 |  6.0
Armour         | 3 4 5 |  5.4
Dodging        | 3 4 5 |  5.0

Action                   |  1- 3 |  4- 6 |  7- 9 || total
-------------------------+-------+-------+-------++-------
Melee: Hand axe          |    45 |    43 |    30 ||   118
       Headbutt          |     7 |     9 |     6 ||    22
Invok: Berserk           |     2 |     3 |     2 ||     7
       Burn Spellbooks   |     1 |     1 |       ||     2
       Trog's Hand       |       |     1 |     1 ||     2
  Use: Scroll            |     1 |       |       ||     1
       Potion            |       |       |     2 ||     2
  Eat: Chunk             |       |     3 |     3 ||     6
Armor: Animal skin       |     8 |       |       ||     8
       Leather armour    |     9 |     7 |    10 ||    26
Dodge: Dodged            |    37 |    31 |    15 ||    83
